 Dungeon Crawl Stone Soup version 0.19.1 (console) character file.

203 Jesseh the Skirmisher (level 5, 0/50 HPs)
             Began as a Minotaur Fighter on Nov 24, 2016.
             Slain by Grinder (7 damage)
             ... on level 3 of the Dungeon.
             The game lasted 00:04:36 (1603 turns).

Jesseh the Skirmisher (Minotaur Fighter)            Turns: 1603, Time: 00:04:36

Health: 0/50       AC:  8    Str: 21    XL:     5   Next: 51%
Magic:  4/4        EV:  7    Int:  5    God:
Gold:   127        SH:  9    Dex: 10    Spells: 0 memorised, 4 levels left

rFire  . . .     SeeInvis .     a - +0 war axe
rCold  . . .     Gourm    .     b - +0 scale mail
rNeg   . . .     Faith    .     c - +0 shield
rPois  .         Spirit   .     (helmet restricted)
rElec  .         Reflect  .     (no cloak)
rCorr  +         Harm     .     (no gloves)
MR     .....                    u - +0 pair of boots
Stlth  ..........               (no amulet)
                                (no ring)
                                p - ring of resist corrosion

@: no status effects
A: retaliatory headbutt, horns 2
a: no special abilities


You were on level 3 of the Dungeon.
You were hungry.

You visited 1 branch of the dungeon, and saw 3 of its levels.

You collected 127 gold pieces.

Inventory:

Hand Weapons
 a - a +0 war axe (weapon)
Armour
 b - a +0 scale mail (worn)
 c - a +0 shield (worn)
 u - a +0 pair of boots (worn)
   (You found it on level 3 of the Dungeon)
Jewellery
 p - a ring of resist corrosion (left hand)
   (You found it on level 2 of the Dungeon)
Scrolls
 h - 2 scrolls of magic mapping {unknown}
 i - 3 scrolls of fear {unknown}
 j - a scroll of enchant weapon {unknown}
 k - a scroll of remove curse {unknown}
 m - 2 scrolls of identify {unknown}
 q - a scroll of teleportation {unknown}
 s - a scroll of amnesia {unknown}
 v - 2 scrolls of blinking {unknown}
Potions
 d - a potion of might
 e - 2 potions of curing {unknown}
 l - a potion of brilliance {unknown}
 n - a potion of flight {unknown}
 o - a potion of ambrosia {unknown}
 r - a potion of degeneration {unknown}
 t - a potion of heal wounds {unknown}
Comestibles
 f - a bread ration
 g - 2 chunks of flesh
 w - a meat ration


   Skills:
 + Level 5.9 Fighting
 + Level 5.2 Axes
 - Level 3.6 Armour
 - Level 3.6 Shields


You had 4 spell levels left.
You didn't know any spells.

Dungeon Overview and Level Annotations

Branches:
Dungeon (3/15)

Altars:

Annotations:
D:3 Grinder


Innate Abilities, Weirdness & Mutations

You reflexively headbutt those who attack you in melee.
You have a pair of horns on your head.


Message History

You block the orc's attack.
You slash the orc!
You kill the orc!
You slash the hobgoblin!
You kill the hobgoblin!
No target in view!
No target in view!
Items here: ))) [[ † a club; a short sword; a ring mail; a trident; a ring mail; a hobgoblin corpse You butcher the hobgoblin corpse.
g - 5 chunks of flesh (gained 2)
Items here: ))) [[ a club; a short sword; a ring mail; a trident; a ring mail There isn't anything to butcher here.
Things that are here:
a war axe; a morningstar 2 jackals come into view.
The jackal barks! x2
A jackal comes into view.
You see here 18 gold pieces.
The jackal barks!
You block the jackal's attack. x2
Grinder comes into view.
Your shield and scale mail prevent you from hitting the jackal. x2
Grinder shouts!
The jackal bites you but does no damage.
You block the jackal's attack. x2; The jackal completely misses you.
You furiously retaliate!
You headbutt the jackal!
You kill the jackal!
A jackal comes into view.
The jackal barks!
You slash the jackal!
You kill the jackal!
You closely miss the jackal. You block the jackal's attack.
The jackal closely misses you. You furiously retaliate!
You headbutt the jackal, but do no damage.
You miss the jackal. Your headbutt misses the jackal.
You block the jackal's attack. x2
You barely miss the jackal. You headbutt the jackal. You hit the jackal.
The jackal bites you but does no damage. x3
Grinder gestures at you. You resist with significant effort.
The jackal barely misses you.
You hit the jackal.
You kill the jackal!
Your shield and scale mail prevent you from hitting the jackal.
You slash Grinder!
The jackal bites you but does no damage.
You block Grinder's attack.
Your scale mail prevents you from hitting the jackal.
Your headbutt misses the jackal. You hit Grinder but do no damage.
The jackal completely misses you. You block the jackal's attack.
Grinder hits you.
You writhe in agony.
You hit the jackal but do no damage. You closely miss Grinder.
The jackal bites you but does no damage.
Grinder gestures at you.
You barely resist.
The jackal bites you but does no damage.
Grinder gestures at you. You resist with significant effort.
You are feeling hungry.
Your shield and scale mail prevent you from hitting the jackal.
You hit Grinder.
The jackal bites you but does no damage.
Grinder gestures at you. Pain shoots through your body!
You block the jackal's attack.
You closely miss the jackal. Your headbutt misses the jackal. You hit Grinder.
The jackal bites you but does no damage.
Grinder gestures at you. Pain shoots through your body!
The jackal barely misses you. You furiously retaliate!
You headbutt the jackal!
You kill the jackal!
You are too injured to fight recklessly!
You are too injured to fight recklessly!
You are too injured to fight recklessly!
You are too injured to fight recklessly!
You are too injured to fight recklessly!
You are too injured to fight recklessly!
You closely miss Grinder. You headbutt Grinder. Grinder hits you.
Grinder barely misses you.
Your shield prevents you from hitting Grinder.
You block Grinder's attack.
You hit Grinder but do no damage.
Grinder blinks!
Grinder says, "Mostly I couldn't keep them alive."
Grinder gestures at you. Pain shoots through your body!
* * * LOW HITPOINT WARNING * * *
You closely miss Grinder. You headbutt Grinder. Grinder barely misses you.
Grinder gestures at you. You resist with significant effort.
Some of the chunks of flesh in your inventory have rotted away.
You closely miss Grinder. You headbutt Grinder, but do no damage.
Grinder blinks!
Grinder blinks!
Grinder gestures at you. Pain shoots through your body!
* * * LOW HITPOINT WARNING * * *
You hit Grinder. You headbutt Grinder! Grinder hits you.
* * * LOW HITPOINT WARNING * * *
You closely miss Grinder. Grinder hits you!
You die...

...........................
▒▒▒...▒▒▒▒▒.▒▒▒▒▒▒▒▒▒.▒▒▒.▒
▒... ▒▒▒ ▒.▒ ▒.▒ ▒.. ▒▒▒▒
▒.▒ ▒[. +.. ..▒ ▒.▒ ▒▒.
▒...▒▒▒▒▒▒▒▒.▒ ▒.▒ ▒.
▒..........▒.▒▒▒▒ ▒.▒ ▒▒
...............▒ ▒.▒ ▒
.......H5......▒ ▒.▒ ▒
...............▒ ▒.▒ ▒
▒..............▒▒▒.▒▒▒▒▒
▒............†.€........
▒............†.▒▒▒.▒▒...
▒▒.............▒ ▒.▒▒...
▒.............▒ ▒.▒▒...
▒...........▒▒▒ ▒)▒▒...
▒...........▒ ▒)▒▒...


You could see Grinder.

Vanquished Creatures
  A crimson imp (D:3)
  Ijyb (D:3)
  A worker ant (D:3)
  6 adders
  4 worms (D:2)
  4 orcs (D:3)
  A ball python (D:1)
  7 bats
  A giant cockroach (D:1)
  2 goblins
  8 hobgoblins
  4 jackals (D:3)
  A quokka (D:2)
  2 frilled lizards (D:2)
  9 kobolds
  4 rats (D:1)
56 creatures vanquished.

Notes
Turn   | Place    | Note
-------+----------+-------------------------------------------
     0 | D:1      | Jesseh the Minotaur Fighter began the quest for the Orb.
     0 | D:1      | Reached XP level 1. HP: 19/19 MP: 0/0
    80 | D:1      | Reached skill level 4 in Fighting
   133 | D:1      | Reached XP level 2. HP: 27/27 MP: 1/1
   205 | D:1      | Reached skill level 3 in Axes
   521 | D:2      | Reached XP level 3. HP: 34/34 MP: 2/2
   973 | D:2      | Reached skill level 4 in Axes
   973 | D:2      | Reached XP level 4. HP: 39/41 MP: 3/3
  1143 | D:2      | Reached skill level 5 in Fighting
  1375 | D:3      | Reached XP level 5. HP: 41/48 MP: 4/4
  1384 | D:3      | Reached skill level 5 in Axes
  1400 | D:3      | Noticed Ijyb
  1420 | D:3      | Killed Ijyb
  1580 | D:3      | Noticed Grinder
  1601 | D:3      | HP: 12/50 [Grinder/nerve-wracking pain (3)]
  1603 | D:3      | Slain by Grinder

Skill      XL: |  1  2  3  4  5 |
---------------+----------------+-----
Fighting       | 4 5 |  5.9
Axes           | 3 4 5 |  5.2
Armour         | |  3.6
Shields        | |  3.6

Action                   |  1- 3 |  4- 6 || total
-------------------------+-------+-------++-------
Melee: War axe           |    88 |    69 ||   157
       Headbutt          |    13 |    13 ||    26
  Eat: Chunk             |       |     2 ||     2
Armor: Scale mail        |    41 |    30 ||    71
Dodge: Dodged            |    22 |    25 ||    47
Block: Shield            |    46 |    36 ||    82

Vault maps used:
D:1:      evilmike_arrival_crescent, serial_bayou_crossing
D:2:      minivault_26
D:3:      uniq_terence, uniq_iyjb, uniq_crazy_yiuf_cottage, uniq_grinder

Table legend:
 A = Turns spent in this place as a percentage of turns spent in the entire game.
 B = Non-inter-level travel turns spent in this place as a percentage of non-inter-level travel turns spent in the entire game.
 C = Inter-level travel turns spent in this place as a percentage of turns spent in this place.
 D = Turns resting spent in this place as a percentage of non-inter-level travel turns spent in this place.
 E = Turns spent auto-exploring this place as a percentage of non-inter-level travel turns spent in this place.
 F = Non-inter-level travel turns spent in this place divided by the number of levels of this place that you've seen.
                   A       B       C       D       E      F
               +-------+-------+-------+-------+-------+----------------------
         Total | 100.0 | 100.0 |   0.4 |   0.7 |  10.5 | 181.7
       Dungeon | 100.0 | 100.0 |   0.4 |   0.7 |  10.5 | 181.7
               +-------+-------+-------+-------+-------+----------------------

Table legend:
 A = Kills in this place as a percentage of kills in entire the game.
 B = Kills by you in this place as a percentage of kills by you in the entire game.
 C = Kills by friends in this place as a percentage of kills by friends in the entire game.
 D = Other kills in this place as a percentage of other kills in the entire game.
 E = Experience gained in this place as a percentage of experience gained in the entire game.
 F = Experience gained in this place divided by the number of levels of this place that you have seen.
                   A       B       C       D       E      F
               +-------+-------+-------+-------+-------+----------------------
         Total | 100.0 | 100.0 |  -nan |  -nan | 100.0 |  97.0
       Dungeon | 100.0 | 100.0 |  -nan |  -nan | 100.0 |  97.0
               +-------+-------+-------+-------+-------+----------------------
